cohdb
Replays
Latest Replays
All Replays
Popular Replays
Top Player Replays
Match Explorer
How It Works
Community
CoH3 Stats
Reddit
Sign in to upload your games and track your stats! →
Sign in with Steam
Match 42744850
Unlisted
Match 42744850
Overview
Messages
Build Orders
End
Construct Infanterie Kompanie
Selects Breakthrough Battlegroup
Selects Assault Grenadiers
Grenadier Squad
MG 42 Machine Gun Team
Grenadier Squad
Construct Panzergrenadier Kompanie
Selects Rapid Production
MG 42 Machine Gun Team
251 Medium Carrier
Pak 40 Anti-tank Gun Team
Selects Smoke Bombing Run
Selects Incendiary Bombing Run
MG 42 Machine Gun Team
Incendiary Bombing Run
Support Elements
Pak 40 Anti-tank Gun Team
Panzergrenadier Squad
Incendiary Bombing Run
Nebelwerfer 42 Rocket Launcher Team
Incendiary Bombing Run
Medical Bunker
Nebelwerfer 42 Rocket Launcher Team
Selects Blitzkrieg
Incendiary Bombing Run
Smoke Bombing Run
Construct Panzer Kompanie
Incendiary Bombing Run
Panzer IV Medium Tank
Smoke Bombing Run
Panzer IV Medium Tank
Panzer Officer Quarters
Panzer IV Medium Tank
Side Skirts
Incendiary Bombing Run
Blitzkrieg
Stoßtruppen Squad
251 Medium Carrier
Selects Tiger Heavy Tank
Panzergrenadier Officer Quarters
Tiger Heavy Tank
来吃鱼啊
김수빈
干死日本鬼子
bar阿姨
TEXAS YEE
JVM
티베트 혁명가 압둘라
Heavy Weapons Guy
0
0
Comments
sign in to comment!
No comments posted yet!